 Seeded DCSS version 0.29-a0-648-g6b26cc9 (webtiles) character file.

Game seed: 2767337840731368785 (custom seed)

790 Illumine the Chiller (level 7, 0/40 HPs)
             Began as a Gargoyle Ice Elementalist on June 19, 2022.
             Slain by a wight
             ... wielding a +2 flail of freezing
              (5 damage)
             ... on level 5 of the Dungeon.
             The game lasted 00:11:33 (5604 turns).

Illumine the Chiller (Gargoyle Ice Elementalist)    Turns: 5604, Time: 00:11:33

Health: 0/40       AC:  9    Str: 11    XL:     7   Next: 87%
Magic:  4/14       EV: 12    Int: 18    God:
Gold:   358        SH:  0    Dex: 16    Spells: 4/15 levels left

rFire   + . .      SeeInvis .   u - +0 flail (vorpal)
rCold   . . .      Faith    .   (no shield)
rNeg    + . .      Spirit   .   a - +0 robe
rPois   ∞          Reflect  .   x - +0 helmet
rElec   +          Harm     .   E - +0 cloak
rCorr   .          Rampage  .   w - +0 pair of gloves
Will    .....                   (no boots)
Stlth   ++........              (no amulet)
HPRegen 0.13/turn               z - ring of protection from fire
MPRegen 0.14/turn               A - +6 ring of dexterity

@: no status effects
A: sickness immunity, AC +4, negative energy resistance 1, electricity
resistance, torment resistance 1, petrification resistance
a: no special abilities


You were on level 5 of the Dungeon.
You visited 1 branch of the dungeon, and saw 5 of its levels.

You collected 358 gold pieces.

Inventory:

Hand Weapons
 u - a +0 vorpal flail (weapon)
Missiles
 h - 58 stones
 y - 5 poisoned darts (quivered)
 C - a throwing net
Armour
 a - a +0 robe (worn)
 o - the +1 scale mail "Zaropon" {rC+ rN+ Str+5}
   (You found it on level 2 of the Dungeon)

   Str:       It affects your strength (+5).
   rC:        It protects you from cold.
   rN:        It protects you from negative energy.
 w - a +0 pair of gloves (worn)
 x - a +0 helmet (worn)
 B - a +0 pair of boots
 E - a +0 cloak (worn)
Jewellery
 z - a ring of protection from fire (left hand)
 A - a +6 ring of dexterity (right hand)
Wands
 c - a wand of iceblast (9)
 D - a wand of mindburst (6)
Scrolls
 e - 3 scrolls of silence {unknown}
 f - a scroll of vulnerability {unknown}
 g - a scroll of summoning {unknown}
 i - a scroll of fear {unknown}
 l - 3 scrolls of immolation {unknown}
 m - 7 scrolls of identify {unknown}
 p - a scroll of teleportation
 s - a scroll of noise {unknown}
 t - a scroll of blinking {unknown}
Potions
 b - 2 potions of magic
 d - a potion of brilliance {unknown}
 j - a potion of degeneration {unknown}
 k - 2 potions of flight {unknown}
 n - 2 potions of heal wounds {unknown}
 q - a potion of experience {unknown}
 r - a potion of curing {unknown}
 v - 2 potions of ambrosia {unknown}


   Skills:
 + Level 2.3 Fighting
 + Level 2.5 Dodging
 - Level 2.1 Stealth
 + Level 4.6 Spellcasting
 + Level 3.2 Conjurations
 + Level 6.1 Ice Magic
 - Level 2.0 Evocations


You had 4 spell levels left.
You knew the following spells:

 Your Spells              Type           Power      Damage    Failure   Level
a - Freeze                Ice            100%       1d11      1%          1
b - Frozen Ramparts       Ice            52%        1d7       3%          3
c - Ozocubu's Armour      Ice            26%        N/A       3%          3
d - Hailstorm             Conj/Ice       21%        3d6       21%         4

Your spell library contained the following spells:

 Spells                   Type           Power      Damage    Failure   Level
 Magic Dart               Conj           60%        1d6       3%          1
 Searing Ray              Conj           30%        2d5       5%          2
 Necrotize                Necr           16%        1d4       14%         1
 Wereblood                Tmut           4%         N/A       21%         2
 Vampiric Draining        Necr           4%         2d6       38%         3
 Fulminant Prism          Conj/Hex       4%         3d6       56%         4
 Agony                    Necr           4%         N/A       98%         5
 Summon Hydra             Summ           2%         N/A       100%        7
 Sublimation of Blood     Necr           Unusable   N/A       N/A         2

Dungeon Overview and Level Annotations

Branches:
Dungeon (5/15)
 Temple: D:4-7

Altars:
Makhleb
Nemelex Xobeh

Annotations:
D:2 1 runed translucent door, Crazy Yiuf


Innate Abilities, Weirdness & Mutations

You are immune to sickness and miasma.
Your stone body is resilient. (AC +4)
You are immune to poison.
You resist negative energy. (rN+)
You are resistant to electric shocks. (rElec)
You are resistant to unholy torment.
You are immune to petrification.


Message History

You kill the kobold!
The wight completely resists.
The wall freezes the wight but does no damage.
The wight closely misses you.
The wall freezes the kobold brigand.
You closely miss the wight.
The wight is severely damaged.
The wight completely resists.
The wall freezes the wight but does no damage.
The wight hits you with a +2 flail of freezing.
The wight freezes you.
Unknown command.
You hit the wight but do no damage.
The wight is severely damaged.
The wall freezes the kobold brigand.
The wight completely resists.
The wall freezes the wight but does no damage.
The wight barely misses you.
The wight resists.
The wall freezes the wight.
The wight hits you but does no damage.
You hit the wight but do no damage.
The wight is almost destroyed.
The wall freezes the kobold brigand.
The wight resists.
The wall freezes the wight.
The wight hits you with a +2 flail of freezing!
The wight freezes you.
* * * LOW HITPOINT WARNING * * *
You closely miss the wight.
The wight is almost destroyed.
The wight resists.
The wall freezes the wight.
The wight hits you with a +2 flail of freezing.
* * * LOW HITPOINT WARNING * * *
The wight freezes you.
* * * LOW HITPOINT WARNING * * *
Casting: Frozen Ramparts (dangerous; 3% risk of failure)
Confirm with . or Enter, or press ? or * to list all spells.
Aiming: Freeze (safe; 1% risk of failure)
Press: ? - help, Shift-Dir - straight line, f - wight
Aim: a wight, wielding a +2 flail of freezing and wearing a +0 robe (almost destroyed)
You freeze the wight but do no damage.
The wight completely resists.
The frozen ramparts melt away.
The wight hits you with a +2 flail of freezing.
You die...

#.. #....§...............
[... ########.#...........
#+#.. #.#.#..z...... ...
#.#.#...)).... .
g...#########.#.##.##.#.#.
..
....+...................
..##....#)........#.#>#
..).....z)..............
.##...@#...K.....#.# #.
#....###........... .
#....# #.......#.#. #....#
#.....##... #....# #.....#
.# #....# #.....# ..
#....# ........ .
#######........


You could see a wight.

Vanquished Creatures
  A sky beast (D:4)
  2 ogres (D:4)
  A phantom (D:5)
  A scorpion (D:5)
  A necrophage (D:5)
  2 orc priests
  An iron imp (D:3)
  An iguana (D:4)
  7 gnolls
  4 adders
  An ufetubus (D:4)
  3 worms
  2 dart slugs
  8 orcs
  8 ball pythons
  10 endoplasms
  6 giant cockroaches
  8 hobgoblins
  4 jackals (D:2)
  2 quokkas
  5 bats
  2 frilled lizards
  6 goblins
  12 kobolds
  3 rats
101 creatures vanquished.

Notes
Turn   | Place    | Note
-------+----------+-------------------------------------------
     0 | D:1      | Illumine the Gargoyle Ice Elementalist began the quest for
                  | the Orb.
     0 | D:1      | Reached XP level 1. HP: 10/10 MP: 3/3
   439 | D:1      | Reached XP level 2. HP: 15/15 MP: 3/5
   660 | D:1      | Found a faded altar of an unknown god.
  1127 | D:1      | Reached XP level 3. HP: 19/19 MP: 3/6
  1158 | D:1      | Learned a level 3 spell: Frozen Ramparts
  1162 | D:1      | Learned a level 3 spell: Ozocubu's Armour
  1956 | D:2      | Reached XP level 4. HP: 23/24 MP: 4/8
  2214 | D:2      | Found a runed translucent door.
  2215 | D:2      | Noticed Crazy Yiuf
  2316 | D:2      | Identified the +1 scale mail "Zaropon" {rC+ rN+ Str+5}
  2705 | D:2      | Reached skill level 5 in Ice Magic
  3354 | D:3      | Reached XP level 5. HP: 28/28 MP: 1/10
  3428 | D:3      | Learned a level 4 spell: Hailstorm
  3514 | D:3      | Found a burning altar of Makhleb.
  3642 | D:3      | Found a sparkling altar of Nemelex Xobeh.
  3868 | D:4      | Noticed a sky beast
  4308 | D:4      | Noticed an ogre
  4329 | D:4      | Killed an ogre
  4330 | D:4      | Reached skill level 1 in Conjurations
  4330 | D:4      | Reached skill level 1 in Evocations
  4330 | D:4      | Reached XP level 6. HP: 10/32 MP: 1/12
  4892 | D:4      | Reached skill level 1 in Fighting
  5207 | D:4      | Reached XP level 7. HP: 35/38 MP: 9/13
  5484 | D:5      | Entered Level 5 of the Dungeon
  5577 | D:5      | Reached skill level 6 in Ice Magic
  5604 | D:5      | Slain by a wight

Illustrated notes

Levels and vault maps discovered:
D:1:      dpeg_chamrin_arrival_tetris, layout_basic,
          ebering_ecumenical_altar_abandoned
D:2:      minmay_spotlight, layout_loops_corners, minmay_crystal_room,
          uniq_crazy_yiuf_cottage
D:3:      layout_basic, demons_altar, nemelex_xobeh_ov_fountains_minmay
D:4:      layout_basic, serial_curves, eino_curves_04, eino_curves_03,
          minmay_fractal_squares_5
D:5:      layout_basic, st_stairs_11, uniq_duvessa

Skill      XL: |  1  2  3  4  5  6  7 |
---------------+----------------------+-----
Spellcasting   | 3 4 |  4.6
Ice Magic      | 5 6 |  6.1
Conjurations   | 1 2 3 |  3.2
Evocations     | 1 2 |  2.0
Fighting       | 1 2 |  2.3
Dodging        | 2 |  2.5
Stealth        | |  2.1

Action                   |  1- 3 |  4- 6 |  7- 9 || total
-------------------------+-------+-------+-------++-------
Melee: Whip              |     1 |     1 |       ||     2
       Flail             |       |    17 |    18 ||    35
Throw: Dart              |       |     4 |       ||     4
 Cast: Freeze            |    59 |    58 |     9 ||   126
       Frozen Ramparts   |       |    13 |     5 ||    18
       Ozocubu's Armour  |       |     2 |       ||     2
Evoke: Wand              |       |       |     4 ||     4
  Use: Scroll            |       |     1 |     1 ||     2
Armor: Robe              |    15 |    24 |    12 ||    51
Dodge: Dodged            |    19 |    47 |    29 ||    95

Table legend: (Time is in decaauts)
 A = Elapsed time spent in this place.
 B = Non-inter-level travel time spent in this place.
 C = Inter-level travel time spent in this place.
 D = Time resting spent in this place.
 E = Time spent auto-exploring this place.
 F = Levels seen in this place.
 G = Mean time per level.
                   A        B        C        D        E       F      G
               +--------+--------+--------+--------+--------+-----+--------+
         Total |   5615 |   5511 |    104 |   1212 |   3271 |   5 | 1123.0 |
       Dungeon |   5615 |   5511 |    104 |   1212 |   3271 |   5 | 1123.0 |
               +--------+--------+--------+--------+--------+-----+--------+

Top non-repeatable levels by time:
     D:2: 1517 daAuts
     D:1: 1502 daAuts
     D:4: 1439 daAuts
     D:3: 1028 daAuts
     D:5: 126 daAuts
